 Dungeon Crawl Stone Soup version 0.22.1-1-ga44c0e5 (webtiles) character file.

65 Monsterracer the Conjurer (level 3, -1/26 HPs)
             Began as a Demigod Conjurer on Sept 21, 2018.
             Slain by an adder (3 damage)
             ... on level 1 of the Dungeon.
             The game lasted 00:02:43 (1357 turns).

Monsterracer the Conjurer (Demigod Conjurer)        Turns: 1357, Time: 00:02:44

Health: -1/26      AC:  2    Str: 11    XL:     3   Next: 67%
Magic:  2/9        EV: 12    Int: 21    God:
Gold:   47         SH:  0    Dex: 16    Spells: 4/7 levels left

rFire    . . .     SeeInvis .   g - +0 whip
rCold    . . .     Gourm    .   (no shield)
rNeg     . . .     Faith    .   a - +0 robe
rPois    .         Spirit   .   (no helmet)
rElec    .         Reflect  .   (no cloak)
rCorr    .         Harm     .   (no gloves)
MR       .....                  (no boots)
Stlth    ++........             h - amulet of rage
HPRegen  0.08/turn              (no ring)
MPRegen  0.11/turn              (no ring)

@: no status effects
A: high mp 1
a: Evoke Berserk Rage


You were on level 1 of the Dungeon.
You were not hungry.

You visited 1 branch of the dungeon, and saw 2 of its levels.

You collected 47 gold pieces.

Inventory:

Hand Weapons
 g - a +0 whip (weapon)
Armour
 a - a +0 robe (worn)
Jewellery
 h - an amulet of rage (around neck)
Scrolls
 d - a scroll of random uselessness {unknown}
 e - a scroll of enchant weapon {unknown}
 f - 2 scrolls of amnesia {unknown}
 i - a scroll of magic mapping {unknown}
Potions
 b - a potion of degeneration {unknown}
 j - a potion of cancellation {unknown}
Comestibles
 c - 3 rations


   Skills:
 - Level 1.7 Dodging
 - Level 1.7 Stealth
 + Level 2.5 Spellcasting
 * Level 4.6 Conjurations


You had 4 spell levels left.
You knew the following spells:

 Your Spells              Type           Power        Failure   Level  Hunger
a - Magic Dart            Conj           ###.         1%          1    None
b - Searing Ray           Conj           ###...       3%          2    ##.....

Your spell library contained the following spells:

 Spells                   Type           Power        Failure   Level  Hunger
 Dazzling Spray           Conj/Hex       ##....       16%         3    ###....
 Iskenderun's Mystic Bla  Conj           ###.....     21%         4    ####...
 Force Lance              Conj/Tloc      ##......     47%         4    ####...
 Fulminant Prism          Conj/Hex       ##........   47%         4    ####...


Dungeon Overview and Level Annotations

Branches:
Dungeon (2/15)


Innate Abilities, Weirdness & Mutations

You have an increased reservoir of magic. (+10% MP)


Message History

Casting: Searing Ray (safe; 3% risk of failure)
Confirm with . or Enter, or press ? or * to list all spells.
Aiming: Searing Ray (safe; 3% risk of failure)
Press: ? - help, Shift-Dir - straight line, f - gnoll
Aim: a gnoll (moderately wounded)
Okay, then.
The gnoll hits you from afar with a spear!
* * * LOW HITPOINT WARNING * * *
You take 9 damage, and have 11/26 hp.
MASSIVE DAMAGE!!
Casting: Searing Ray (safe; 3% risk of failure)
Confirm with . or Enter, or press ? or * to list all spells.
Aiming: Searing Ray (safe; 3% risk of failure)
Press: ? - help, Shift-Dir - straight line, f - gnoll
Aim: a gnoll (lightly wounded)
The searing ray hits the gnoll.
The gnoll is moderately wounded. (Press . to maintain the ray.)
The gnoll closely misses you.
The gnoll hits you from afar with a spear.
* * * LOW HITPOINT WARNING * * *
You take 1 damage, and have 10/26 hp.
You now have 3/9 mp.
The searing ray hits the gnoll.
The gnoll is severely wounded.
The gnoll hits you.
* * * LOW HITPOINT WARNING * * *
The gnoll hits you from afar with a spear.
* * * LOW HITPOINT WARNING * * *
You take 2 damage, and have 8/26 hp.
You now have 2/9 mp.
The searing ray hits the gnoll.
You kill the gnoll!
The gnoll closely misses you.
You now have 1/9 mp.
Unknown command.
The searing ray hits the gnoll.
The gnoll is severely wounded.
The searing ray hits the gnoll.
The gnoll is almost dead.
You finish channeling your searing ray.
You now have 0/9 mp.
A bat comes into view.
Found a viscous yellow potion.
An adder comes into view.
The adder hisses angrily.
The bat closely misses you. The bat barely misses you. The bat hits you.
* * * LOW HITPOINT WARNING * * *
You take 1 damage, and have 8/26 hp.
The bat misses you. The bat hits you but does no damage. x2
The bat closely misses you. The bat hits you but does no damage.
The bat hits you.
* * * LOW HITPOINT WARNING * * *
You take 1 damage, and have 8/26 hp.
The bat barely misses you. The bat closely misses you. The bat hits you.
* * * LOW HITPOINT WARNING * * *
The bat hits you.
* * * LOW HITPOINT WARNING * * *
You take 2 damage, and have 6/26 hp.
The bat closely misses you. The bat misses you. The bat hits you.
* * * LOW HITPOINT WARNING * * *
You take 1 damage, and have 5/26 hp.
The bat hits you but does no damage. The bat hits you.
* * * LOW HITPOINT WARNING * * *
You take 1 damage, and have 4/26 hp.
The bat barely misses you. The bat closely misses you.
There is a stone staircase leading up here.
The bat closely misses you. The adder barely misses you.
You climb upwards.
There is a stone staircase leading down here.
Unknown command.
Casting: Searing Ray (safe; 3% risk of failure)
Confirm with . or Enter, or press ? or * to list all spells.
Aiming: Magic Dart (safe; 1% risk of failure)
Press: ? - help, Shift-Dir - straight line, f - adder
Aim: an adder The magic dart hits the adder.
The adder is heavily wounded.
The adder bites you.
* * * LOW HITPOINT WARNING * * *
You take 3 damage, and have 2/26 hp.
Casting: Magic Dart (safe; 1% risk of failure)
Confirm with . or Enter, or press ? or * to list all spells.
Aiming: Magic Dart (safe; 1% risk of failure)
Press: ? - help, Shift-Dir - straight line, p - adder
Okay, then.
Casting: Magic Dart (safe; 1% risk of failure)
Confirm with . or Enter, or press ? or * to list all spells.
Aiming: Magic Dart (safe; 1% risk of failure)
Press: ? - help, Shift-Dir - straight line, f/p - adder
Aim: an adder (heavily wounded)
The magic dart hits the adder.
The adder is almost dead.
The adder bites you.
You die...

....### ##..........#
....# #...........# .(..#
##...........#
....#######............#
>......................#
(....#...).#.#.......)##
###..#...#...#........##
..........(##..S.......#
.###.....####...@......#
.......#..###..........#
............#..........##
#############...........#
...........###..........#
...........# #..........#
....<......# #..........#
...........###..........#
...........#............#


You could see an adder.

Vanquished Creatures
  3 gnolls (D:2)
  An ooze (D:1)
  A worm (D:2)
  A dart slug (D:1)
  3 giant cockroaches
  5 hobgoblins (D:1)
  6 bats (D:1)
  A frilled lizard (D:1)
  A goblin (D:1)
  3 kobolds (D:1)
  5 rats
30 creatures vanquished.

Notes
Turn   | Place    | Note
-------+----------+-------------------------------------------
     0 | D:1      | Monsterracer the Demigod Conjurer began the quest for the
                  | Orb.
     0 | D:1      | Reached XP level 1. HP: 14/14 MP: 5/5
   216 | D:1      | Reached XP level 2. HP: 20/20 MP: 0/7
   261 | D:1      | Reached skill level 4 in Conjurations
   994 | D:1      | Learned a level 2 spell: Searing Ray
  1035 | D:2      | HP: 8/20 [worm (12)]
  1037 | D:2      | Reached XP level 3. HP: 10/26 MP: 3/9
  1320 | D:2      | HP: 11/26 [gnoll/spear (9)]
  1325 | D:2      | HP: 10/26 [gnoll/spear (1)]
  1340 | D:2      | HP: 8/26 [bat (1)]
  1345 | D:2      | HP: 8/26 [bat (1)]
  1351 | D:2      | HP: 4/26 [bat (1)]
  1356 | D:1      | HP: 2/26 [adder (3)]
  1357 | D:1      | Slain by an adder

Skill      XL: |  1  2 |
---------------+-------+-----
Spellcasting   | 2 |  2.5
Conjurations   | 4 |  4.6
Dodging        | |  1.7
Stealth        | |  1.7

Action                   || total
-------------------------++-------
Melee: Unarmed           ||     6
       Whip              ||     6
 Cast: Magic Dart        ||    59
       Searing Ray       ||     4
  Eat: Chunk             ||     2
Armor: Robe              ||     8
Dodge: Dodged            ||    33

Vault maps used:
D:1:      lemuel_arrival_hallway
D:2:      lemuel_blue_sif_altar, vehumet_crystals,
          nicolae_overflow_crystal_walls
